 Dungeon Crawl Stone Soup version 0.19-a0-1907-gcff654f (webtiles) character file.

172 suicidejoker the Sneak (level 5, 0/32 HPs)
             Began as an Octopode Enchanter on Oct 21, 2016.
             Slain by a goblin (5 damage)
             ... led by Robin
             ... on level 3 of the Dungeon.
             The game lasted 00:03:05 (2676 turns).

suicidejoker the Sneak (Octopode Enchanter)         Turns: 2676, Time: 00:03:05

Health: 0/32       AC:  1    Str:  8    XL:     5   Next: 52%
Magic:  0/8        EV: 14    Int: 17    God:
Gold:   119        SH:  0    Dex: 13    Spells: 3 memorised, 2 levels left

rFire  . . .     SeeInvis .     a - +1 dagger
rCold  . . .     Gourm    .     (no shield)
rNeg   . . .     Faith    .     (helmet restricted)
rPois  .         Spirit   .     (no amulet)
rElec  .         Reflect  .     (no ring)
rCorr  .         Harm     .     (no ring)
MR     .....                    (no ring)
Stlth  ++++......               (no ring)
                                (no ring)
                                (no ring)
                                (no ring)
                                (no ring)

@: very slightly contaminated
A: almost no armour, stealthy swim, amphibious, 8 rings, constrict 8, camouflage
1, gelatinous body 1
a: no special abilities


You were on level 3 of the Dungeon.
You were very hungry.

You visited 1 branch of the dungeon, and saw 3 of its levels.

You collected 119 gold pieces.

Inventory:

Hand Weapons
 a - a +1 dagger (weapon)
 u - a +0 hunting sling
Missiles
 c - 7 javelins
 i - 8 poisoned needles
 j - 25 bolts
 k - 78 stones (quivered)
 t - 46 arrows
Jewellery
 q - a cursed ring of protection from fire {unknown}
Scrolls
 d - 4 scrolls of identify {unknown}
 e - a scroll of magic mapping {unknown}
 g - a scroll of noise {unknown}
 l - 3 scrolls of remove curse {unknown}
 o - 3 scrolls of blinking {unknown}
 w - a scroll of random uselessness {unknown}
Potions
 f - 2 potions of flight {unknown}
 m - 3 potions of lignification {unknown}
 s - 2 potions of degeneration {unknown}
 v - a potion of agility {unknown}
Books
 b - a book of Maledictions

   Spells                             Type                      Level
   a - Corona                         Hexes                        1
   b - Ensorcelled Hibernation        Hexes/Ice                    2
   c - Confuse                        Hexes                        3
   d - Tukima's Dance                 Hexes                        3
   e - Dazzling Spray                 Conjuration/Hexes            3
Comestibles
 h - 2 slices of pizza
 n - a royal jelly
 p - a beef jerky
 r - 3 fruits


   Skills:
 + Level 0.4 Fighting
 + Level 2.0 Short Blades
 + Level 2.4 Dodging
 + Level 6.8 Stealth
 + Level 2.4 Spellcasting
 + Level 3.4 Hexes


You had 2 spell levels left.
You knew the following spells:

 Your Spells              Type           Power        Failure   Level  Hunger
a - Corona                Hex            ##.....      4%          1    #......
b - Ensorcelled Hibernat  Hex/Ice        #.....       17%         2    ##.....
c - Confuse               Hex            ##......     14%         3    ###....


Dungeon Overview and Level Annotations

Branches:
Dungeon (3/15)

Altars:
Elyvilon
Hepliaklqana
Vehumet
Yredelemnul

Annotations:
D:3 Robin


Innate Abilities, Weirdness & Mutations

You cannot wear most types of armour.
You are very stealthy in the water. (Stealth+)
You are amphibious.
You can wear up to eight rings at the same time.
You can use your tentacles to constrict eight enemies at once.
Your skin changes colour to match your surroundings (Stealth+).
Your rubbery body absorbs attacks. (AC +1, EV +1)


Message History

Press: ? - help, Shift-Dir - straight line, f/p - Robin
Aim: Robin, wielding a short sword, wearing an animal skin and wearing a helmet (chance to defeat MR: 48%)
You miscast Ensorcelled Hibernation.
The light around you dims momentarily. The goblin hits you.
* * * LOW HITPOINT WARNING * * *
Casting: Ensorcelled Hibernation
Confirm with . or Enter, or press ? or * to list all spells.
Aiming: Ensorcelled Hibernation
Press: ? - help, Shift-Dir - straight line, f/p - Robin
Aim: Robin, wielding a short sword, wearing an animal skin and wearing a helmet (chance to defeat MR: 48%) Robin resists with some effort.
The goblin completely misses you.
Casting: Ensorcelled Hibernation
Confirm with . or Enter, or press ? or * to list all spells.
Aiming: Ensorcelled Hibernation
Press: ? - help, Shift-Dir - straight line, f/p - Robin
Aim: Robin, wielding a short sword, wearing an animal skin and wearing a helmet (chance to defeat MR: 48%) Robin resists with some effort.
Robin hits you with a short sword.
* * * LOW HITPOINT WARNING * * *
The goblin hits you but does no damage. The goblin hits you.
You die...

#.......# #.##.#.#
######...#.#.# # #..#.#
.....#...#.#.# #.#.##.#
.............. #.#.##.#
.....#....##.##
#......# ######....# .#
###.#### ## #.......#
###.# .#
#.##.##############...#
.# #..
..(...g@g)........# .#
#.# ..#.##g###...###..#
.# .# # #. #.†.# #(.#
.# .. #...# #..# .##
.#. ..........# ).####
.##............# .....#
.. ....g........#
.#.#.# ##
..###...###..# ##.#.#
.g #...# ..


You could see Robin and 2 goblins.

Vanquished Creatures
  Natasha (thrice) (D:2)
  3 adders
  A worm (D:3)
  6 dart slugs
  2 leopard geckos (D:1)
  3 giant cockroaches
  6 hobgoblins
  5 kobolds
  8 bats
  7 frilled lizards
  14 goblins
  2 rats
60 creatures vanquished.

Notes
Turn   | Place    | Note
-------+----------+-------------------------------------------
     0 | D:1      | suicidejoker the Octopode Enchanter began the quest for the Orb.
     0 | D:1      | Reached XP level 1. HP: 11/11 MP: 3/3
   232 | D:1      | Reached XP level 2. HP: 17/17 MP: 5/5
   236 | D:1      | Learned a level 2 spell: Ensorcelled Hibernation
  1119 | D:2      | Reached XP level 3. HP: 20/21 MP: 6/6
  1124 | D:2      | Learned a level 3 spell: Confuse
  1299 | D:2      | Reached skill level 5 in Stealth
  1382 | D:2      | Noticed Natasha
  1384 | D:2      | Killed Natasha
  1384 | D:2      | Reached XP level 4. HP: 22/27 MP: 7/7
  1515 | D:2      | Noticed Natasha
  1523 | D:2      | Killed Natasha
  1756 | D:2      | Found a radiant altar of Vehumet.
  1763 | D:2      | Reached skill level 6 in Stealth
  1840 | D:2      | Noticed Natasha
  1860 | D:2      | Killed Natasha
  1860 | D:2      | Reached XP level 5. HP: 14/32 MP: 3/8
  2319 | D:3      | Found a white marble altar of Elyvilon.
  2341 | D:3      | Found a hazy altar of Hepliaklqana.
  2393 | D:3      | Found a basalt altar of Yredelemnul.
  2662 | D:3      | Noticed Robin
  2676 | D:3      | Slain by a goblin

Vault maps used:
D:1:      minmay_arrival_jagged
D:2:      vehumet_crystals, minmay_crystal_water, uniq_natasha
D:3:      nicolae_overflow_hidden_temple, minmay_misc_feat_alley,
          minmay_misc_feat_cross, uniq_robin

Skill      XL: |  1  2  3  4  5 |
---------------+----------------+-----
Stealth        | 5 6 |  6.8
Short Blades   | 2 |  2.0
Fighting       | |  0.4
Dodging        | |  2.4
Spellcasting   | |  2.4
Hexes          | |  3.4

Action                   |  1- 3 |  4- 6 || total
-------------------------+-------+-------++-------
Melee: Dagger            |    48 |    65 ||   113
       Constrict         |    12 |    16 ||    28
       Tentacles         |     6 |     9 ||    15
 Cast: Ensorcelled Hiber |       |     4 ||     4
 Stab: Sleeping          |    16 |     7 ||    23
       Distracted        |     1 |     1 ||     2
  Eat: Bread ration      |       |     1 ||     1
Armor: Skin              |     3 |     4 ||     7
Dodge: Dodged            |    14 |    44 ||    58
